 Dungeon Crawl Stone Soup version 0.29.0-11-gd7f09526c8 (webtiles) character file.

Game seed: 16755912774205763435

816 gelatine the Skirmisher (level 8, -8/43 (48) HPs)
             Began as a Kobold Hunter on Sept 3, 2022.
             Was a Believer of Jiyva.
             Mangled by a wight
             ... wielding a +5 battleaxe
              (17 damage)
             ... on level 5 of the Dungeon.
             The game lasted 00:09:08 (4315 turns).

gelatine the Skirmisher (Kobold Hunter)             Turns: 4315, Time: 00:09:08

HP:   -8/43 (48)    AC:  5    Str:  8    XL:     8   Next: 16%
MP:   8/8           EV: 14    Int: 10    God:    Jiyva [**....]
Gold: 145           SH:  0    Dex: 21    Spells: 7/7 levels left

rFire   . . .      SeeInvis .   a - +0 shortbow
rCold   . . .      Faith    .   (shield currently unavailable)
rNeg    . . .      Spirit   .   j - +0 ring mail
rPois   .          Reflect  .   (no helmet)
rElec   .          Harm     .   (no cloak)
rCorr   +          Rampage  .   (no gloves)
Will    .....                   (no boots)
Stlth   +++.......              (no amulet)
HPRegen 1.10/turn               (no ring)
MPRegen 0.41/turn               (no ring)

@: heavily drained, invisible
A: small, no large weapons, nightstalker 3
a: Renounce Religion


You were on level 5 of the Dungeon.
You worshipped Jiyva.
Jiyva was pleased with you.
You visited 2 branches of the dungeon, and saw 6 of its levels.
You also visited: Sewer.

You collected 145 gold pieces.

Inventory:

Hand Weapons
 a - a +0 shortbow (weapon)
 v - a +4 spear
Missiles
 w - 6 javelins
Armour
 c - a +0 leather armour
 j - a +0 ring mail (worn)
Wands
 r - a wand of flame (12)
 x - a wand of charming (8)
Scrolls
 b - a scroll of immolation
 d - a scroll of noise
 e - 2 scrolls of amnesia
 i - 2 scrolls of teleportation {unknown}
 k - a scroll of poison {unknown}
 m - a scroll of vulnerability {unknown}
 n - a scroll of blinking {unknown}
 s - a scroll of fear {unknown}
 t - a scroll of brand weapon {unknown}
Potions
 f - a potion of invisibility
 g - a potion of berserk rage
 h - 2 potions of brilliance {unknown}
 l - 2 potions of might {unknown}
 o - 2 potions of haste {unknown}
 p - a potion of magic {unknown}
 q - a potion of heal wounds {unknown}
 u - a potion of mutation {unknown}


   Skills:
 + Level 4.0 Fighting
 + Level 10.4 Ranged Weapons
 + Level 2.0 Armour
 + Level 3.9 Dodging
 + Level 2.1 Stealth


You had 7 spell levels left.
You didn't know any spells.
Your spell library was empty.

Dungeon Overview and Level Annotations

Branches:
Dungeon (5/15)             Temple (1/1) D:4           Sewer (visited)

Altars:
Ashenzari
Cheibriados
Dithmenos
Elyvilon
Fedhas
Gozag
Hepliaklqana
Kikubaaqudgha
Makhleb
Nemelex Xobeh
Okawaru
Ru
Sif Muna
Trog
Uskayaw
Vehumet
Xom
Yredelemnul
Zin
The Shining One

Shops:
D:2 [


Innate Abilities, Weirdness & Mutations

You are small and have problems with some larger weapons.
You are completely attuned to the shadows.


Message History

You shoot an arrow. The arrow hits the wight.
The wight is almost destroyed.
The wight closely misses you. The wight hits you with a +5 mace.
You feel drained.
You are too injured to fight recklessly!
The wight hits you with a +5 mace!
You feel drained.
The jelly hits the wight but does no damage.
The wight hits the jelly with a +5 mace!
The wight drains the jelly.
The wight is burned by acid!
The wight is destroyed!
Your Fighting skill increases to level 4!
You are too injured to fight recklessly!
You are too injured to fight recklessly!
Fire: a) +0 shortbow
Press: ? - help, Q - select action, (/) - cycle Shift-Dir - straight line, f - wight
Aim: a wight, wielding a +5 battleaxe and wearing a +0 robe (unable to see you, 69% to hit)
You shoot an arrow. The arrow closely misses the wight.
The wight barely misses you.
You hear a slurping noise.
Fire: a) +0 shortbow
Press: ? - help, Q - select action, (/) - cycle Shift-Dir - straight line, f/p - wight
Aim: a wight, wielding a +5 battleaxe and wearing a +0 robe (unable to see you, 69% to hit)
You shoot an arrow. The arrow hits the wight!
The wight is severely damaged.
The wight closely misses you.
Fire: a) +0 shortbow
Press: ? - help, Q - select action, (/) - cycle Shift-Dir - straight line, f/p - wight
Aim: a wight, wielding a +5 battleaxe and wearing a +0 robe (severely damaged, unable to see you, 69% to hit)
You shoot an arrow. The arrow hits the wight.
The wight is severely damaged.
The wight hits you with a +5 battleaxe!
* * * LOW HITPOINT WARNING * * *
Fire: a) +0 shortbow
Press: ? - help, Q - select action, (/) - cycle Shift-Dir - straight line, f/p - wight
Aim: a wight, wielding a +5 battleaxe and wearing a +0 robe (severely damaged, wandering, unable to see you, hasn't noticed you, 69% to hit)
You shoot an arrow.
The arrow hits the wight but does no damage.
The wight is severely damaged.
The wight hits you with a +5 battleaxe!
You die...

###### #.....#....#
#.....#....# #.....#....#
###...Z.#....#
.######)....z@.....#####
zzz†....#.....#........#
..#######.....#...)###.###
#.....#.....##...
##....#.....#...#
#.......#.# ###.#.....#
#.####.#.##..#
#........##..#


You could see a wight (unable to see you) and a water moccasin zombie
(wandering, unable to see you).

Vanquished Creatures
  Grinder (D:3)
  Sigmund (D:3)
  A phantom (D:4)
  2 wights (D:5)
  2 hounds
  4 jellies (Sewer)
  Ijyb (D:3)
  Natasha (twice) (D:3)
  8 adders
  A river rat (D:3)
  2 worms
  A dart slug (D:1)
  An orc (D:5)
  11 bats
  6 endoplasms (Sewer)
  9 giant cockroaches
  6 goblins
  8 hobgoblins
  A quokka (D:1)
  12 ball pythons
  8 frilled lizards
  8 kobolds
  9 rats
105 creatures vanquished.

Vanquished Creatures (others)
  A wight (D:5)
  A howler monkey (D:4)
  5 jellies
  Natasha (D:3)
  An adder (D:3)
  A dart slug (D:4)
  An orc (D:3)
  2 ball pythons (D:3)
  An endoplasm (D:4)
  2 giant cockroaches
  2 goblins (D:3)
  A quokka (D:4)
  2 bats (D:3)
  A frilled lizard (D:3)
  A kobold (D:3)
23 creatures vanquished.

Grand Total: 128 creatures vanquished

Notes
Turn   | Place    | Note
-------+----------+-------------------------------------------
     0 | D:1      | gelatine the Kobold Hunter began the quest for the Orb.
     0 | D:1      | Reached XP level 1. HP: 12/12 MP: 1/1
    37 | D:1      | Reached XP level 2. HP: 15/17 MP: 2/2
   113 | D:1      | Reached skill level 6 in Ranged Weapons
   391 | D:1      | Reached XP level 3. HP: 17/22 MP: 3/3
   852 | D:2      | Found Odemepi's Antique Armour Boutique.
   962 | D:2      | Reached XP level 4. HP: 27/27 MP: 4/4
  1147 | D:2      | Found a faded altar of an unknown god.
  1402 | D:3      | Noticed Sigmund
  1410 | D:3      | Killed Sigmund
  1411 | D:3      | Reached skill level 8 in Ranged Weapons
  1411 | D:3      | Reached skill level 1 in Armour
  1411 | D:3      | Reached XP level 5. HP: 28/32 MP: 5/5
  1411 | D:3      | Reached XP level 6. HP: 32/37 MP: 6/6
  1432 | D:3      | Found a glowing drain.
  1438 | Sewer    | Entered a sewer
  2147 | Sewer    | Found a viscous altar of Jiyva.
  2165 | Sewer    | Reached skill level 9 in Ranged Weapons
  2165 | Sewer    | Reached XP level 7. HP: 41/41 MP: 7/7
  2395 | Sewer    | Became a worshipper of Jiyva Junadot the Shapeless
  2472 | D:3      | Noticed Ijyb
  2484 | D:3      | Killed Ijyb
  2693 | D:3      | Noticed Grinder
  2695 | D:3      | Noticed Natasha
  2706 | D:3      | Killed Natasha
  2707 | D:3      | Killed Grinder
  2791 | D:3      | Killed Natasha
  2946 | D:3      | Noticed Natasha
  2950 | D:3      | Killed Natasha
  3092 | D:4      | Reached * piety under Jiyva
  3277 | D:4      | Reached skill level 10 in Ranged Weapons
  3433 | D:4      | Reached ** piety under Jiyva
  3595 | D:4      | Found a staircase to the Ecumenical Temple.
  3608 | Temple   | Entered the Ecumenical Temple
  4222 | D:5      | Entered Level 5 of the Dungeon
  4286 | D:5      | Reached XP level 8. HP: 47/48 MP: 8/8
  4315 | D:5      | Mangled by a wight

Illustrated notes

Levels and vault maps discovered:
D:1:      lemuel_arrival_river_ford, layout_rooms
D:2:      layout_basic, serial_shops, shop, serial_rivers,
          chequers_serial_rivers_micro_c, chequers_serial_rivers_micro_a,
          chequers_serial_rivers_micro_a, chequers_serial_rivers_room_b,
          dreamdust_ecumenical_altar_angels_and_demons
D:3:      layout_rooms, portal_sewer_entry_b, due_unseen_surprise, uniq_sigmund,
          uniq_ijyb, uniq_natasha, uniq_grinder
D:4:      layout_cave_pools, minmay_temple_entry_enclosed_plants
D:5:      layout_rooms, serial_undead, serial_undead_d, serial_undead_b,
          serial_undead_e, serial_undead_c, uniq_menkaure
Temple:   mainiacjoe_temple_big_plus

Skill      XL: |  1  2  3  4  5  6  7  8 |
---------------+-------------------------+-----
Ranged Weapons | 6 8 9 10 | 10.4
Fighting       | 3 4 |  4.0
Armour         | 1 2 |  2.0
Dodging        | 3 |  3.9
Stealth        | 2 |  2.1

Action                   |  1- 3 |  4- 6 |  7- 9 || total
-------------------------+-------+-------+-------++-------
 Fire: Shortbow          |   110 |   111 |    92 ||   313
Evoke: Wand              |       |       |     2 ||     2
  Use: Scroll            |       |     5 |     1 ||     6
       Potion            |       |       |     1 ||     1
Armor: Leather armour    |    24 |    26 |     1 ||    51
       Ring mail         |       |       |    13 ||    13
Dodge: Dodged            |    62 |    87 |    44 ||   193
